 Dungeon Crawl Stone Soup version 0.30-a0-1116-gebefce21f7 (webtiles) character file.

Game seed: 6110612704197859909

1575 sanka the Fighter (level 8, -1/75 HPs)
             Began as a Black Draconian Monk on Apr 21, 2023.
             Killed by divine providence
             ... invoked by an orc priest
              (16 damage)
             ... on level 6 of the Dungeon.
             The game lasted 00:06:55 (4690 turns).

sanka the Fighter (Black Draconian Monk)            Turns: 4690, Time: 00:06:56

Health: -1/75      AC:  7    Str: 17    XL:     8   Next: 60%
Magic:  8/8        EV: 13    Int: 13    God:
Gold:   174        SH:  0    Dex: 16    Spells: 7/7 levels left

rFire   . . .      SeeInvis .    v - +7 spear of the Hills {elec, Str+4 Int+2}
rCold   . . .      Faith    .    b - orb {light}
rNeg    + . .      Spirit   .    (body armour unavailable)
rPois   .          Reflect  .    (helmet restricted)
rElec   +          Rampage  .    (no cloak)
rCorr   .                        u - +0 pair of gloves
Will    .....                    (no boots)
Stlth   +                        q - amulet of the acrobat
HPRegen 0.32/turn                (no ring)
MPRegen 0.11/turn                t - ring of positive energy

@: short of breath, glowing
A: breathe lightning, AC +6, unfitting armour, electricity resistance,
cold-blooded
a: Breathe Lightning


You were on level 6 of the Dungeon.
You visited 2 branches of the dungeon, and saw 7 of its levels.

You collected 174 gold pieces.


Innate Abilities, Weirdness & Mutations

You can breathe wild blasts of lightning.
Your glossy black scales are hard. (AC +6)
You cannot fit into any form of body armour.
You are resistant to electric shocks. (rElec)
You are cold-blooded and may be slowed by cold attacks.


   Skills:
 + Level 8.7 Fighting
 + Level 6.6 Axes
 - Level 2.6 Dodging
 - Level 5.1 Unarmed Combat


You had 7 spell levels left.
You didn't know any spells.
Your spell library contained the following spells:

 Spells                   Type           Power      Damage    Failure   Level
 Foxfire                  Conj/Fire      0%         2x1d4     30%         1
 Kiss of Death            Conj/Necr      0%         2d5       30%         1
 Cigotuvi's Dreadful Rot  Necr/Pois/Air  0%         N/A       43%         2
 Scorch                   Fire           0%         2d5       43%         2
 Confusing Touch          Hex            0%         N/A       67%         3
 Dispel Undead            Necr           0%         3d6       97%         4
 Flame Wave               Conj/Fire      0%         2d4       97%         4
 Fireball                 Conj/Fire      0%         3d3       100%        5
 Iskenderun's Battlesphe  Conj           0%         2d6       100%        5
 Death Channel            Necr           0%         N/A       100%        6
 Iron Shot                Conj/Erth      0%         9d1       100%        6
 Plasma Beam              Fire/Air       0%         2x1d11    100%        6
 Starburst                Conj/Fire      0%         6d3       100%        6
 Summon Cactus Giant      Summ           0%         N/A       100%        6
 Spellforged Servitor     Conj/Summ      0%         N/A       100%        7

Inventory:

Hand Weapons
 v - the +7 spear of the Hills (weapon) {elec, Str+4 Int+2}

   Str:       It affects your strength (+4).
   Int:       It affects your intelligence (+2).
Missiles
 p - 8 poisoned darts (quivered)
Armour
 b - an orb of light (worn)
 u - a +0 pair of gloves (worn)
Magical Staves
 y - a staff of earth
Jewellery
 q - an amulet of the acrobat (around neck)
 t - a ring of positive energy (right hand)
Scrolls
 c - 7 scrolls of identify {unknown}
 f - 3 scrolls of teleportation {unknown}
 j - 2 scrolls of butterflies {unknown}
 m - 2 scrolls of amnesia {unknown}
 n - a scroll of torment {unknown}
 r - 3 scrolls of noise {unknown}
 w - a scroll of enchant armour {unknown}
 x - a scroll of magic mapping {unknown}
 B - a scroll of blinking {unknown}
Potions
 a - 3 potions of ambrosia
 d - a potion of lignification {unknown}
 e - a potion of invisibility {unknown}
 g - a potion of heal wounds {unknown}
 h - 2 potions of brilliance {unknown}
 i - a potion of cancellation {unknown}
 k - a potion of haste {unknown}
 l - a potion of flight {unknown}
 o - a potion of degeneration {unknown}
 s - 2 potions of attraction {unknown}
 z - 2 potions of curing {unknown}
 A - 3 potions of mutation {unknown}

Dungeon Overview and Level Annotations

Branches:
Dungeon (6/15)             Temple (1/1) D:4

Altars:
Ashenzari
Cheibriados
Elyvilon
Hepliaklqana
Makhleb
Qazlal
Ru
Sif Muna
Uskayaw
Vehumet
Wu Jian
Xom
Yredelemnul
Zin

Shops:
D:3

[(:* ▒..▒
▒▒▒▒▒▒▒▒▒▒.
▒▒..▒ ▒...▒▒▒
▒.....▒▒▒
▒▒......▒▒
▒▒▒.....▒
▒▒....▒▒
▒▒...†▒▒▒▒▒▒▒▒▒▒
▒.....ooood...▒▒
▒▒...oo)▒▒▒....▒
▒...o▒▒▒ ▒▒...▒
▒....▒ ▒▒.▒▒
▒...▒▒ ▒.▒ ▒...▒
▒.▒ ▒....▒ ▒.▒
▒....▒ ▒.▒▒
▒o..▒ ▒▒..▒


You could see 2 orc priests, an orc wizard and 4 orcs.


Message History

An orc wizard comes into view. It is wielding a +0 dagger.
The orc priest casts a cantrip, but nothing happens.
You puncture the orc wizard!
You kill the orc wizard!
An orc comes into view. It is wielding a +0 dagger.
You puncture the orc!
You kill the orc!
You feel sick.
An orc priest comes into view. It is wielding a +0 club.
You barely miss the orc priest.
You feel sick.
You hit the orc priest.
The orc priest is moderately wounded.
You feel sick.
You are no longer poisoned.
The orc priest hits you but does no damage.
You hit the orc priest.
The orc priest is heavily wounded.
The orc priest hits you with a +0 mace.
* * * LOW HITPOINT WARNING * * *
You puncture the orc priest!
You kill the orc priest!
An orc comes into view. It is wielding a +0 trident.
The orc priest miscasts a cantrip.
You hit the orc.
The orc is almost dead.
The orc priest casts a cantrip, but nothing happens.
The orc priest mumbles some strange prayers to Beogh against you.
Beogh smites you!
You die...

Action                     |  1- 3 |  4- 6 |  7- 9 || total
---------------------------+-------+-------+-------++-------
  Melee: Unarmed           |    95 |    89 |       ||   184
         Tailslap          |    10 |    27 |     5 ||    42
         Spear             |       |    39 |    68 ||   107
  Throw: Dart              |       |     5 |       ||     5
Ability: Breathe Lightning |       |       |     2 ||     2
 Armour: Skin              |    19 |    32 |    15 ||    66
  Dodge: Dodged            |    59 |    68 |    41 ||   168

Levels and vault maps discovered:
D:1:      ldierk_walled_garden_2, layout_basic, chequers_big_river
D:2:      layout_loops_ring, hangedman_decor_clover_reticule,
          minmay_misc_feat_four_crosses
D:3:      layout_basic, serial_shops, nicolae_shop_overgrown_old_shop,
          shop_statue, shop, shop, hex_medium, minmay_misc_feat_nine_boxes,
          amethyst_killhole, chequers_hall_statues_wall_a
D:4:      layout_basic, minmay_temple_entry_ruins
D:5:      layout_rooms
D:6:      layout_layer_cave, uniq_pikel
Temple:   compressed_dpeg_circular_temple

Notes
Turn   | Place    | Note
-------+----------+-------------------------------------------
     0 | D:1      | sanka the Draconian Monk began the quest for the Orb.
     0 | D:1      | Reached XP level 1. HP: 19/19 MP: 1/1
   293 | D:1      | Reached XP level 2. HP: 26/26 MP: 2/2
   538 | D:1      | Reached skill level 4 in Unarmed Combat
  1056 | D:2      | Reached XP level 3. HP: 31/31 MP: 3/3
  1792 | D:3      | Found Ekamal's Assorted Antiques.
  2094 | D:3      | Found Ziqellett's Book Boutique.
  2104 | D:3      | Reached skill level 5 in Unarmed Combat
  2104 | D:3      | Reached XP level 4. HP: 38/38 MP: 4/4
  2149 | D:3      | Found Tocru's Weapon Boutique.
  2181 | D:3      | Found Weitt's Antique Armour Shoppe.
  2804 | D:4      | Reached skill level 4 in Fighting
  2823 | D:4      | Reached XP level 5. HP: 20/47 MP: 5/5
  2940 | D:4      | Found a staircase to the Ecumenical Temple.
  2957 | Temple   | Entered the Ecumenical Temple
  3120 | D:4      | Noticed a black bear
  3133 | D:4      | Killed a black bear
  3134 | D:4      | Reached skill level 5 in Fighting
  3134 | D:4      | Reached skill level 1 in Axes
  3402 | D:4      | Reached skill level 2 in Axes
  3402 | D:4      | Reached XP level 6. HP: 15/56 MP: 6/6
  3569 | D:4      | Identified the +7 spear of the Hills {elec, Str+4 Int+2}
  3907 | D:5      | Entered Level 5 of the Dungeon
  4019 | D:5      | Reached skill level 3 in Axes
  4121 | D:5      | Noticed a water moccasin
  4124 | D:5      | Killed a water moccasin
  4125 | D:5      | Reached skill level 6 in Fighting
  4125 | D:5      | Your scales start taking on a glossy black colour.
  4125 | D:5      | Reached XP level 7. HP: 63/63 MP: 7/7
  4125 | D:5      | Gained mutation: You are resistant to electric shocks.
                  | (rElec) [Black Draconian growth]
  4283 | D:6      | Reached skill level 4 in Axes
  4317 | D:6      | Noticed Pikel
  4348 | D:5      | Killed Pikel
  4349 | D:5      | Reached skill level 7 in Fighting
  4349 | D:5      | Reached skill level 5 in Axes
  4349 | D:5      | Reached XP level 8. HP: 35/74 MP: 8/8
  4583 | D:6      | Reached skill level 8 in Fighting
  4583 | D:6      | Reached skill level 6 in Axes
  4661 | D:6      | Identified a +1 robe of the Archmagi
  4690 | D:6      | Killed from afar by an orc priest

Vanquished Creatures
  Pikel (D:5)
  2 water moccasins
  A sky beast (D:6)
  An orc warrior (D:6)
  A black bear (D:4)
  A lemure (D:6)
  2 jellies
  2 orc priests
  4 hounds
  2 iguanas
  5 orc wizards
  8 adders
  4 gnolls (D:4)
  A white imp (D:6)
  An ufetubus (D:5)
  3 worms
  A dart slug (D:4)
  20 orcs
  4 endoplasms
  A giant cockroach (D:2)
  8 goblins
  A hobgoblin (D:2)
  6 jackals
  2 quokkas
  6 ball pythons
  5 bats
  5 frilled lizards
  7 kobolds
  4 rats
109 creatures vanquished.

Vanquished Creatures (others)
  4 toadstools (D:1)
4 creatures vanquished.

Grand Total: 113 creatures vanquished
